Avalanche vs Jets
(R1)
Created - January 18, 2019 at 22:54
Goals
|
| Avalanche |
2 |
1 |
0 |
0 |
2 |
4 |
| Jets |
1 |
0 |
2 |
0 |
0 |
3 |
|
Shots
|
| Avalanche |
9 |
9 |
8 |
1 |
3 |
27 |
| Jets |
9 |
5 |
8 |
1 |
2 |
23 |
|
1st period
1. Jets , Derek Stepan 10 (Devin Setoguchi 11, Benoit Pouliot 21) at 0:16
2. Avalanche , Patric Hornqvist 20 (Bryan Little 27, Mikkel Boedker 26) at 11:48 (PP)
3. Avalanche , Kyle Turris 1 (Chuck Kobasew 2, Zach Boychuk 4) at 16:49
Penalties :
Mikkel Boedker (Col) for Slashing (Minor) at 5:37, Eric Gelinas (Win) for Elbowing (Minor) at 8:01, Joe Colborne (Win) for Tripping (Minor) at 11:35, Alexander Radulov (Col) for Roughing (Double Minor) at 18:18
2nd period
4. Avalanche , Mikkel Boedker 21 (Bryan Little 28, Patric Hornqvist 26) at 14:49 (PP)
Penalties :
Marco Scandella (Win) for Interference (Minor) at 4:23, Mikkel Boedker (Col) for Hooking (Minor) at 7:38, Brendan Smith (Win) for Roughing (Minor) at 14:04, Marcus Johansson (Win) for Hooking (Minor) at 18:47
3rd period
5. Jets , Nino Niederreiter 12 (Joe Colborne 8) at 9:01
6. Jets , Marco Scandella 7 (Benoit Pouliot 22, Derek Stepan 29) at 19:32
Penalties :
Andrei Kostitsyn (Col) for Interference (Minor) at 6:49, Paul Stastny (Col) for Hooking (Minor) at 9:41, Kevin Hayes (Win) for Hooking (Minor) at 13:30, Marco Scandella (Win) for Hooking (Minor) at 19:41
Overtime #1
No Goal
Penalties :
No Penalty
Shootout
Avalanche, Mikkel Boedker - Goal!
Jets, Benoit Pouliot - Stopped by Semyon Varlamov
Avalanche, Patric Hornqvist - Shot Misses the Net
Jets, Devin Setoguchi - Stopped by Semyon Varlamov
Avalanche, Paul Stastny - Goal!
Penalties :
No Penalty
Goalie Stats
Semyon Varlamov (Col), 20 saves from 23 shots - (0.870), W, 12-15-1, 65:00 minutes
Jonathan Bernier (Win), 24 saves from 27 shots - (0.889), OTL, 12-7-2, 64:16 minutes
Players Stats for Avalanche
Player Name G A P +/- PIM S H SB GA TA FO MP PP MP PK MP
------------------------------------------------------------------------------------
Alexander Radulov 0 0 0 0 4 2 0 0 0 0 0/0 15:35 3:33 0:00
Andrei Kostitsyn 0 0 0 -1 2 1 5 0 0 0 0/0 17:21 3:33 1:05
Andrew Ladd 0 0 0 -2 0 1 0 1 0 1 4/9 16:54 0:00 6:31
Bryan Little 0 2 2 -2 0 2 2 0 0 1 12/30 20:39 5:39 0:00
Chuck Kobasew 0 1 1 -1 0 4 1 0 0 0 0/1 13:15 0:00 6:31
Damien Brunner 0 0 0 0 0 0 1 0 0 0 1/1 9:56 0:00 1:52
Dan Boyle 0 0 0 0 0 0 0 1 0 0 0/0 19:48 5:41 0:00
Jack Johnson 0 0 0 -3 0 1 0 2 1 1 0/0 29:55 5:41 6:54
Johnny Boychuk 0 0 0 0 0 1 0 1 0 0 0/0 17:53 0:00 5:01
Kyle Turris 1 0 1 1 0 1 1 0 0 0 1/3 5:51 0:00 0:13
Marc Staal 0 0 0 -1 0 0 0 1 2 1 0/0 26:09 3:31 6:54
Matt Irwin 0 0 0 1 0 0 0 0 0 1 0/0 12:08 0:00 0:00
Maxim Talbot 0 0 0 0 0 3 0 0 0 0 4/5 13:03 0:00 4:08
Mikkel Boedker 1 1 2 -1 4 3 3 0 2 2 0/0 20:57 5:39 0:00
Patric Hornqvist 1 1 2 -1 0 3 2 0 1 0 0/4 20:57 5:39 0:00
Paul Stastny 0 0 0 0 2 1 6 0 0 0 5/16 17:42 3:33 3:19
Pernell Karl Subban 0 0 0 -1 0 2 0 3 0 1 0/0 24:07 3:31 5:01
Zach Boychuk 0 1 1 1 0 2 0 0 0 0 0/0 5:49 0:00 0:11
Players Stats for Jets
Player Name G A P +/- PIM S H SB GA TA FO MP PP MP PK MP
------------------------------------------------------------------------------------
Anton Volchenkov 0 0 0 1 0 0 2 2 0 1 0/0 18:08 0:00 5:40
Benoit Pouliot 0 2 2 2 0 3 0 0 1 0 2/3 22:17 6:30 2:20
Brendan Smith 0 0 0 0 2 1 3 0 0 1 0/0 24:54 5:28 6:20
Corey Perry 0 0 0 0 0 3 2 0 0 0 1/3 20:26 6:30 0:00
Derek Stepan 1 1 2 2 0 2 2 0 2 0 17/27 18:29 6:30 0:00
Devin Setoguchi 0 1 1 1 0 1 1 0 0 0 0/1 16:49 5:12 0:00
Eric Gelinas 0 0 0 0 2 0 1 0 0 0 0/0 16:55 5:28 0:00
Erik Haula 0 0 0 1 0 2 1 3 0 1 8/11 16:37 0:13 6:26
Jacob Trouba 0 0 0 1 0 0 1 1 0 0 0/0 15:34 0:00 2:18
Joe Colborne 0 1 1 1 2 0 2 0 0 0 3/8 10:39 0:00 3:03
Kevin Hayes 0 0 0 0 2 0 1 0 0 0 0/0 7:38 0:00 1:57
Marco Scandella 1 0 1 1 4 2 4 0 2 0 0/0 25:55 6:27 2:54
Marcus Johansson 0 0 0 -1 2 2 1 1 2 0 0/1 19:47 5:12 0:38
Miro Aaltonen 0 0 0 0 0 0 0 0 0 0 0/0 6:12 0:13 0:12
Nino Niederreiter 1 0 1 1 0 4 1 0 0 2 2/2 14:43 0:13 5:29
Pierre-Marc Bouchard 0 0 0 -1 0 1 0 0 1 0 9/13 19:05 5:12 0:00
Ronalds Kenins 0 0 0 0 0 0 0 0 0 0 0/0 5:42 0:00 0:00
Tyler Myers 0 0 0 1 0 2 3 3 0 1 0/0 29:10 6:27 4:34
3 Stars
1 - Derek Stepan (Win)
2 - Patric Hornqvist (Col)
3 - Kyle Turris (Col)
Power Play
Avalanche - 2 on 6 Attempt(s) - 33.33%
Jets - 0 on 7 Attempt(s) - 0.00%
Penalty Kill
Avalanche - 7 on 7 Attempt(s) - 100.00%
- Score 0 goal in Penalty Kill
Jets - 4 on 6 Attempt(s) - 66.67%
- Score 0 goal in Penalty Kill
Team Stat
Avalanche - Hits : 21 - Faceoff Wins : 27 - Blocked Shots : 9 - Penalty Minutes : 12
Jets - Hits : 25 - Faceoff Wins : 42 - Blocked Shots : 10 - Penalty Minutes : 14
Official
Referees : Unknown
Linesman : Unknown
Game Notes
16:47 of 2nd period - Penalty Shot by Jack Johnson for Avalanche - Stopped by Jonathan Bernier
Finance
Level 1 -- Attendance: 5676 (94.60%) -- Ticket Income $437,052
Level 2 -- Attendance: 4854 (97.08%) -- Ticket Income $242,700
Level 3 -- Attendance: 1944 (97.20%) -- Ticket Income $58,320
Level 4 -- Attendance: 3532 (88.30%) -- Ticket Income $88,300
Luxury Box -- Attendance: 997 (99.70%) -- Ticket Income $152,541
Game was played at the MTS Center.
Total Attendance: 17003 (94.46%)
Total Ticket Income: $978,913
Other Income: $146,837
Total Income: $1,125,750
Avalanche
5 vs 5 Forward
Center Left Wing Right Wing Time % Phy DF OF
1 Bryan Little Mikkel Boedker Patric Hornqvist 35 1 2 2
2 Paul Stastny Andrei Kostitsyn Alexander Radulov 30 1 2 2
3 Maxim Talbot Andrew Ladd Damien Brunner 20 1 2 2
4 Kyle Turris Zach Boychuk Chuck Kobasew 15 1 2 2
5 vs 5 Defense
Defense Defense Time % Phy DF OF
1 Pernell Karl Subban Jack Johnson 40 1 2 2
2 Marc Staal Matt Irwin 30 1 2 2
3 Johnny Boychuk Dan Boyle 30 1 2 2
4 Marc Staal Pernell Karl Subban 0 1 2 2
PowerPlay Forward
Center Left Wing Right Wing Time % Phy DF OF
1 Bryan Little Mikkel Boedker Patric Hornqvist 60 1 2 2
2 Paul Stastny Andrei Kostitsyn Alexander Radulov 40 1 2 2
PowerPlay Defense
Defense Defense Time % Phy DF OF
1 Dan Boyle Jack Johnson 60 1 2 2
2 Pernell Karl Subban Marc Staal 40 1 2 2
Penalty Kill 4 Players Forward
Center Wing Time % Phy DF OF
1 Andrew Ladd Chuck Kobasew 60 1 2 2
2 Paul Stastny Maxim Talbot 40 1 2 2
Penalty Kill 4 Players Defense
Defense Defense Time % Phy DF OF
1 Jack Johnson Marc Staal 60 1 2 2
2 Pernell Karl Subban Johnny Boychuk 40 1 2 2
Penalty Kill - 3 Players Forward
Forward Time % Phy DF OF
1 Chuck Kobasew 60 1 2 2
2 Andrew Ladd 40 1 2 2
Penalty Kill - 3 Players Defense
Defense Defense Time % Phy DF OF
1 Marc Staal Jack Johnson 60 1 2 2
2 Pernell Karl Subban Johnny Boychuk 40 1 2 2
4 vs 4 Forward
Center Wing Time % Phy DF OF
1 Patric Hornqvist Mikkel Boedker 60 1 2 2
2 Bryan Little Andrei Kostitsyn 40 1 2 2
4 vs 4 Defense
Defense Defense Time % Phy DF OF
1 Marc Staal Pernell Karl Subban 60 1 2 2
2 Jack Johnson Johnny Boychuk 40 1 2 2
Last Minutes Offensive
Center Left Wing Right Wing Defense Defense
Bryan Little Mikkel Boedker Patric Hornqvist Marc Staal Jack Johnson
Last Minutes Defensive
Center Left Wing Right Wing Defense Defense
Bryan Little Andrew Ladd Chuck Kobasew Marc Staal Jack Johnson
Goaltenders
Starting : Semyon Varlamov
Backup : Roberto Luongo
Extra Forwards
Normal : Andrew Ladd, Alexander Radulov, Maxim Talbot - PP : Andrew Ladd, Alexander Radulov - PK : Damien Brunner
Extra Defensemen
Normal : Marc Staal, Dan Boyle, Pernell Karl Subban - PP : Matt Irwin - PK : Jack Johnson, Pernell Karl Subban
Penalty Shots
Mikkel Boedker, Patric Hornqvist, Paul Stastny, Bryan Little, Andrei Kostitsyn
Scratches
Mattias Ekholm (Healthy)
Jets
5 vs 5 Forward
Center Left Wing Right Wing Time % Phy DF OF
1 Derek Stepan Benoit Pouliot Devin Setoguchi 36 1 2 2
2 Pierre-Marc Bouchard Marcus Johansson Corey Perry 34 1 2 2
3 Joe Colborne Erik Haula Nino Niederreiter 20 1 2 2
4 Miro Aaltonen Ronalds Kenins Kevin Hayes 10 1 2 2
5 vs 5 Defense
Defense Defense Time % Phy DF OF
1 Marco Scandella Tyler Myers 38 2 2 1
2 Eric Gelinas Brendan Smith 28 2 2 1
3 Anton Volchenkov Jacob Trouba 24 1 3 1
4 Brendan Smith Jacob Trouba 10 1 2 2
PowerPlay Forward
Center Left Wing Right Wing Time % Phy DF OF
1 Derek Stepan Benoit Pouliot Corey Perry 60 0 1 4
2 Pierre-Marc Bouchard Marcus Johansson Devin Setoguchi 40 0 1 4
PowerPlay Defense
Defense Defense Time % Phy DF OF
1 Tyler Myers Marco Scandella 58 0 2 3
2 Brendan Smith Eric Gelinas 42 0 2 3
Penalty Kill 4 Players Forward
Center Wing Time % Phy DF OF
1 Erik Haula Nino Niederreiter 60 1 3 1
2 Joe Colborne Kevin Hayes 40 1 3 1
Penalty Kill 4 Players Defense
Defense Defense Time % Phy DF OF
1 Anton Volchenkov Brendan Smith 60 1 3 1
2 Tyler Myers Marco Scandella 40 1 3 1
Penalty Kill - 3 Players Forward
Forward Time % Phy DF OF
1 Erik Haula 60 1 2 2
2 Joe Colborne 40 1 2 2
Penalty Kill - 3 Players Defense
Defense Defense Time % Phy DF OF
1 Anton Volchenkov Tyler Myers 60 1 2 2
2 Marco Scandella Brendan Smith 40 1 2 2
4 vs 4 Forward
Center Wing Time % Phy DF OF
1 Pierre-Marc Bouchard Benoit Pouliot 60 1 2 2
2 Derek Stepan Corey Perry 40 1 2 2
4 vs 4 Defense
Defense Defense Time % Phy DF OF
1 Brendan Smith Eric Gelinas 60 1 2 2
2 Tyler Myers Anton Volchenkov 40 1 2 2
Last Minutes Offensive
Center Left Wing Right Wing Defense Defense
Derek Stepan Benoit Pouliot Corey Perry Tyler Myers Marco Scandella
Last Minutes Defensive
Center Left Wing Right Wing Defense Defense
Joe Colborne Erik Haula Nino Niederreiter Brendan Smith Tyler Myers
Goaltenders
Starting : Jonathan Bernier
Backup : Kari Lehtonen
Extra Forwards
Normal : Benoit Pouliot, Devin Setoguchi, Corey Perry - PP : Benoit Pouliot, Devin Setoguchi - PK : Benoit Pouliot
Extra Defensemen
Normal : Brendan Smith, Anton Volchenkov, Tyler Myers - PP : Anton Volchenkov - PK : Anton Volchenkov, Tyler Myers
Penalty Shots
Benoit Pouliot, Devin Setoguchi, Erik Haula, Corey Perry, Derek Stepan
Scratches
Derek Roy (Strained Right Knee Injury), Fredrik Sjostrom (Healthy), Lee Stempniak (Healthy)
% Time on Ice - Avalanche
Lines # - Real PCT - Wanted PCT - Time Play
Normal Forward
1 - 35% - 35% - 13:28
2 - 29% - 30% - 11:09
3 - 21% - 20% - 8:04
4 - 15% - 15% - 5:38
Normal Defense
1 - 39% - 40% - 14:56
2 - 31% - 30% - 11:50
3 - 28% - 30% - 10:43
4 - 2% - 0% - 0:50
PP Forward
1 - 61% - 60% - 5:39
2 - 39% - 40% - 3:33
PP Defense
1 - 62% - 60% - 5:41
2 - 38% - 40% - 3:31
PK Forward
1 - 65% - 60% - 7:47
2 - 35% - 40% - 4:08
PK Defense
1 - 58% - 60% - 6:54
2 - 42% - 40% - 5:01
PK3 Forward
1 - 0% - 60%
2 - 0% - 40%
PK3 Defense
1 - 0% - 60%
2 - 0% - 40%
44 Forward
1 - 76% - 60% - 3:48
2 - 24% - 40% - 1:12
44 Defense
1 - 58% - 60% - 2:55
2 - 42% - 40% - 2:05
Last Minute Offensive - 0:00
Last Minute Defensive - 0:34
Total
Forward - 65:00
Defense - 65:00
|
% Time on Ice - Jets
Lines # - Real PCT - Wanted PCT - Time Play
Normal Forward
1 - 33% - 36% - 12:33
2 - 32% - 34% - 12:27
3 - 20% - 20% - 7:37
4 - 15% - 10% - 5:42
Normal Defense
1 - 37% - 38% - 14:03
2 - 31% - 28% - 11:42
3 - 28% - 24% - 10:55
4 - 4% - 10% - 1:39
PP Forward
1 - 55% - 60% - 6:30
2 - 45% - 40% - 5:25
PP Defense
1 - 54% - 58% - 6:27
2 - 46% - 42% - 5:28
PK Forward
1 - 70% - 60% - 6:29
2 - 30% - 40% - 2:43
PK Defense
1 - 55% - 60% - 5:05
2 - 45% - 40% - 4:07
PK3 Forward
1 - 80% - 60% - 1:21
2 - 20% - 40% - 0:20
PK3 Defense
1 - 34% - 60% - 0:34
2 - 66% - 40% - 1:07
44 Forward
1 - 79% - 60% - 2:38
2 - 21% - 40% - 0:41
44 Defense
1 - 43% - 60% - 1:25
2 - 57% - 40% - 1:54
Last Minute Offensive - 0:34
Last Minute Defensive - 0:00
Total
Forward - 65:00
Defense - 65:00
|
Play-by-Play
1st period
0:01 of 1st period - Derek Stepan wins face-off versus Bryan Little in neutral zone.
0:06 of 1st period - Wrist shot by Benoit Pouliot.
0:06 of 1st period - Deflect By Derek Stepan.
0:06 of 1st period - Shot Misses the Net.
0:06 of 1st period - Puck is out of play.
0:07 of 1st period - Derek Stepan wins face-off versus Bryan Little in Avalanche zone.
0:14 of 1st period - Snap shot by Devin Setoguchi.
0:14 of 1st period - Shot Misses the Net.
0:16 of 1st period - Snap shot by Derek Stepan.
0:16 of 1st period - Goal by Derek Stepan - Avalanche : 0 - Jets : 1.
0:17 of 1st period - Pierre-Marc Bouchard wins face-off versus Paul Stastny in neutral zone.
0:26 of 1st period - Wrist shot by Pierre-Marc Bouchard.
0:26 of 1st period - Shot Misses the Net.
0:28 of 1st period - Slapshot by Corey Perry.
0:28 of 1st period - Stopped by Semyon Varlamov without a rebound.
0:29 of 1st period - Maxim Talbot wins face-off versus Joe Colborne in Avalanche zone.
0:29 of 1st period - Maxim Talbot is hit by Nino Niederreiter.
2:03 of 1st period - Wrist shot by Andrew Ladd.
2:03 of 1st period - Shot Blocked by Anton Volchenkov.
2:07 of 1st period - Wrist shot by Andrew Ladd.
2:07 of 1st period - Stopped by Jonathan Bernier with a rebound.
2:09 of 1st period - Snap shot by Maxim Talbot.
2:09 of 1st period - Shot Blocked by Erik Haula.
2:11 of 1st period - Snap shot by Maxim Talbot.
2:11 of 1st period - Deflect By Nino Niederreiter.
2:11 of 1st period - Shot Misses the Net.
2:11 of 1st period - Puck is out of play.
2:12 of 1st period - Paul Stastny wins face-off versus Derek Stepan in Jets zone.
2:37 of 1st period - Jack Johnson is hit by Marco Scandella and loses puck.
4:03 of 1st period - Off-side.
4:04 of 1st period - Pierre-Marc Bouchard wins face-off versus Bryan Little in neutral zone.
4:50 of 1st period - Snap shot by Erik Haula.
4:50 of 1st period - Deflect By Joe Colborne.
4:50 of 1st period - Shot Blocked by Johnny Boychuk.
4:50 of 1st period - Puck is out of play.
4:51 of 1st period - Kyle Turris wins face-off versus Joe Colborne in Avalanche zone.
5:22 of 1st period - Slapshot by Patric Hornqvist.
5:22 of 1st period - Stopped by Jonathan Bernier without a rebound.
5:23 of 1st period - Derek Stepan wins face-off versus Bryan Little in Jets zone.
5:37 of 1st period - Minor Penalty to Mikkel Boedker for Slashing.
5:38 of 1st period - Derek Stepan wins face-off versus Andrew Ladd in Avalanche zone.
6:10 of 1st period - Slapshot by Pierre-Marc Bouchard.
6:10 of 1st period - Stopped by Semyon Varlamov without a rebound.
6:11 of 1st period - Paul Stastny wins face-off versus Pierre-Marc Bouchard in Avalanche zone.
7:37 of 1st period - Penalty to Mikkel Boedker is over, Mikkel Boedker is back on ice.
7:50 of 1st period - Mikkel Boedker is hit by Erik Haula and loses puck.
8:01 of 1st period - Minor Penalty to Eric Gelinas for Elbowing.
8:02 of 1st period - Erik Haula wins face-off versus Bryan Little in Jets zone.
8:19 of 1st period - Wrist shot by Patric Hornqvist.
8:19 of 1st period - Shot Misses the Net.
8:59 of 1st period - Slapshot by Brendan Smith.
8:59 of 1st period - Shot Blocked by Pernell Karl Subban.
9:19 of 1st period - Marc Staal is hit by Anton Volchenkov and loses puck.
10:01 of 1st period - Penalty to Eric Gelinas is over, Eric Gelinas is back on ice.
10:54 of 1st period - Snap shot by Kyle Turris.
10:54 of 1st period - Deflect By Chuck Kobasew.
10:54 of 1st period - Stopped by Jonathan Bernier with a rebound.
11:14 of 1st period - Slapshot by Derek Stepan.
11:14 of 1st period - Stopped by Semyon Varlamov without a rebound.
11:15 of 1st period - Maxim Talbot wins face-off versus Derek Stepan in Avalanche zone.
11:35 of 1st period - Minor Penalty to Joe Colborne for Tripping.
11:36 of 1st period - Bryan Little wins face-off versus Erik Haula in Jets zone.
11:42 of 1st period - Slapshot by Mikkel Boedker.
11:42 of 1st period - Shot Misses the Net.
11:44 of 1st period - Wrist shot by Patric Hornqvist.
11:44 of 1st period - Shot Blocked by Anton Volchenkov.
11:46 of 1st period - Wrist shot by Bryan Little.
11:46 of 1st period - Shot Misses the Net.
11:48 of 1st period - Snap shot by Patric Hornqvist.
11:48 of 1st period - Goal by Patric Hornqvist - Avalanche : 1 - Jets : 1.
11:49 of 1st period - Pierre-Marc Bouchard wins face-off versus Patric Hornqvist in neutral zone.
12:04 of 1st period - Snap shot by Corey Perry.
12:04 of 1st period - Stopped by Semyon Varlamov with a rebound.
12:06 of 1st period - Wrist shot by Tyler Myers.
12:06 of 1st period - Stopped by Semyon Varlamov with a rebound.
12:16 of 1st period - Devin Setoguchi is hit by Andrei Kostitsyn and loses puck.
12:43 of 1st period - Snap shot by Nino Niederreiter.
12:43 of 1st period - Stopped by Semyon Varlamov without a rebound.
12:44 of 1st period - Joe Colborne wins face-off versus Bryan Little in Avalanche zone.
12:45 of 1st period - Wrist shot by Erik Haula.
12:45 of 1st period - Stopped by Semyon Varlamov with a rebound.
13:11 of 1st period - Pierre-Marc Bouchard is hit by Paul Stastny and loses puck.
13:22 of 1st period - Snap shot by Paul Stastny.
13:22 of 1st period - Stopped by Jonathan Bernier without a rebound.
13:23 of 1st period - Derek Stepan wins face-off versus Bryan Little in Jets zone.
13:40 of 1st period - Benoit Pouliot is hit by Bryan Little.
14:19 of 1st period - Off-side.
14:20 of 1st period - Bryan Little wins face-off versus Derek Stepan in neutral zone.
14:23 of 1st period - Snap shot by Patric Hornqvist.
14:23 of 1st period - Shot Misses the Net.
15:11 of 1st period - Snap shot by Brendan Smith.
15:11 of 1st period - Shot Blocked by Andrew Ladd.
15:29 of 1st period - Slapshot by Nino Niederreiter.
15:29 of 1st period - Shot Misses the Net.
15:31 of 1st period - Slapshot by Nino Niederreiter.
15:31 of 1st period - Stopped by Semyon Varlamov without a rebound.
15:32 of 1st period - Nino Niederreiter wins face-off versus Kyle Turris in Avalanche zone.
15:45 of 1st period - Slapshot by Dan Boyle.
15:45 of 1st period - Deflect By Chuck Kobasew.
15:45 of 1st period - Stopped by Jonathan Bernier with a rebound.
15:57 of 1st period - Mikkel Boedker is hit by Marco Scandella and loses puck.
16:22 of 1st period - Slapshot by Derek Stepan.
16:22 of 1st period - Shot Blocked by Pernell Karl Subban.
16:28 of 1st period - Tyler Myers is hit by Andrei Kostitsyn and loses puck.
16:45 of 1st period - Slapshot by Zach Boychuk.
16:45 of 1st period - Shot Misses the Net.
16:47 of 1st period - Slapshot by Chuck Kobasew.
16:47 of 1st period - Stopped by Jonathan Bernier with a rebound.
16:49 of 1st period - Snap shot by Chuck Kobasew.
16:49 of 1st period - Deflect By Kyle Turris.
16:49 of 1st period - Goal by Kyle Turris - Avalanche : 2 - Jets : 1.
16:50 of 1st period - Derek Stepan wins face-off versus Bryan Little in neutral zone.
17:02 of 1st period - Snap shot by Patric Hornqvist.
17:02 of 1st period - Shot Misses the Net.
17:04 of 1st period - Snap shot by Pernell Karl Subban.
17:04 of 1st period - Stopped by Jonathan Bernier without a rebound.
17:05 of 1st period - Pierre-Marc Bouchard wins face-off versus Paul Stastny in Jets zone.
17:05 of 1st period - Pierre-Marc Bouchard is hit by Andrei Kostitsyn.
17:10 of 1st period - Off-side.
17:11 of 1st period - Pierre-Marc Bouchard wins face-off versus Paul Stastny in neutral zone.
18:07 of 1st period - Wrist shot by Derek Stepan.
18:07 of 1st period - Shot Blocked by Jack Johnson.
18:09 of 1st period - Wrist shot by Eric Gelinas.
18:09 of 1st period - Deflect By Derek Stepan.
18:09 of 1st period - Shot Misses the Net.
18:09 of 1st period - Puck is out of play.
18:10 of 1st period - Derek Stepan wins face-off versus Paul Stastny in Avalanche zone.
18:18 of 1st period - Double Minor Penalty to Alexander Radulov for Roughing.
18:19 of 1st period - Andrew Ladd wins face-off versus Derek Stepan in Avalanche zone.
18:19 of 1st period - Andrew Ladd is hit by Derek Stepan.
18:46 of 1st period - Jack Johnson is hit by Marco Scandella and loses puck.
19:25 of 1st period - Wrist shot by Andrei Kostitsyn.
19:25 of 1st period - Shot Misses the Net.
19:28 of 1st period - Icing by Brendan Smith.
19:29 of 1st period - Derek Stepan wins face-off versus Andrew Ladd in Jets zone.
Goals for this period are 2 for Avalanche vs 1 for Jets.
Shots for this period are 9 for Avalanche vs 9 for Jets.
2nd period
0:01 of 2nd period - Andrew Ladd wins face-off versus Derek Stepan in neutral zone.
0:06 of 2nd period - Slapshot by Chuck Kobasew.
0:06 of 2nd period - Shot Misses the Net.
1:35 of 2nd period - Corey Perry is hit by Paul Stastny and loses puck.
2:12 of 2nd period - Pernell Karl Subban is hit by Marco Scandella.
2:18 of 2nd period - Penalty to Alexander Radulov is over, Alexander Radulov is back on ice.
2:25 of 2nd period - Backhand shot by Bryan Little.
2:25 of 2nd period - Shot Misses the Net.
2:37 of 2nd period - Tyler Myers is hit by Mikkel Boedker and loses puck.
2:49 of 2nd period - Off-side.
2:50 of 2nd period - Joe Colborne wins face-off versus Kyle Turris in neutral zone.
3:17 of 2nd period - Corey Perry is hit by Patric Hornqvist and loses puck.
3:57 of 2nd period - Snap shot by Miro Aaltonen.
3:57 of 2nd period - Shot Misses the Net.
3:59 of 2nd period - Slapshot by Eric Gelinas.
3:59 of 2nd period - Shot Blocked by Pernell Karl Subban.
4:23 of 2nd period - Minor Penalty to Marco Scandella for Interference.
4:24 of 2nd period - Erik Haula wins face-off versus Bryan Little in Jets zone.
4:32 of 2nd period - Snap shot by Jack Johnson.
4:32 of 2nd period - Shot Misses the Net.
5:34 of 2nd period - Alexander Radulov is hit by Marcus Johansson and loses puck.
6:20 of 2nd period - Icing by Andrei Kostitsyn.
6:21 of 2nd period - Benoit Pouliot wins face-off versus Paul Stastny in Avalanche zone.
6:23 of 2nd period - Penalty to Marco Scandella is over, Marco Scandella is back on ice.
6:36 of 2nd period - Slapshot by Brendan Smith.
6:36 of 2nd period - Stopped by Semyon Varlamov with a rebound.
6:42 of 2nd period - Dan Boyle is hit by Kevin Hayes and loses puck.
7:22 of 2nd period - Erik Haula is hit by Paul Stastny and loses puck.
7:38 of 2nd period - Minor Penalty to Mikkel Boedker for Hooking.
7:39 of 2nd period - Derek Stepan wins face-off versus Andrew Ladd in Avalanche zone.
8:06 of 2nd period - Marc Staal is hit by Brendan Smith and loses puck.
8:13 of 2nd period - Slapshot by Devin Setoguchi.
8:13 of 2nd period - Stopped by Semyon Varlamov with a rebound.
8:15 of 2nd period - Slapshot by Tyler Myers.
8:15 of 2nd period - Stopped by Semyon Varlamov without a rebound.
8:16 of 2nd period - Derek Stepan wins face-off versus Andrew Ladd in Avalanche zone.
8:46 of 2nd period - Snap shot by Pierre-Marc Bouchard.
8:46 of 2nd period - Shot Misses the Net.
8:54 of 2nd period - Snap shot by Maxim Talbot.
8:54 of 2nd period - Shot Misses the Net.
9:04 of 2nd period - Jack Johnson is hit by Corey Perry and loses puck.
9:38 of 2nd period - Penalty to Mikkel Boedker is over, Mikkel Boedker is back on ice.
10:01 of 2nd period - Tyler Myers is hit by Mikkel Boedker and loses puck.
10:23 of 2nd period - Wrist shot by Kevin Hayes.
10:23 of 2nd period - Shot Hit the Post.
10:29 of 2nd period - Miro Aaltonen is hit by Paul Stastny and loses puck.
10:42 of 2nd period - Pernell Karl Subban is hit by Devin Setoguchi and loses puck.
10:52 of 2nd period - Icing by Damien Brunner.
10:53 of 2nd period - Pierre-Marc Bouchard wins face-off versus Maxim Talbot in Avalanche zone.
11:06 of 2nd period - Marcus Johansson is hit by Damien Brunner and loses puck.
12:11 of 2nd period - Paul Stastny is hit by Jacob Trouba and loses puck.
12:50 of 2nd period - Wrist shot by Maxim Talbot.
12:50 of 2nd period - Shot Blocked by Tyler Myers.
12:52 of 2nd period - Slapshot by Maxim Talbot.
12:52 of 2nd period - Stopped by Jonathan Bernier without a rebound.
12:53 of 2nd period - Maxim Talbot wins face-off versus Pierre-Marc Bouchard in Jets zone.
12:58 of 2nd period - Snap shot by Maxim Talbot.
12:58 of 2nd period - Stopped by Jonathan Bernier without a rebound.
12:59 of 2nd period - Bryan Little wins face-off versus Pierre-Marc Bouchard in Jets zone.
13:28 of 2nd period - Slapshot by Marc Staal.
13:28 of 2nd period - Shot Blocked by Marcus Johansson.
13:44 of 2nd period - Snap shot by Corey Perry.
13:44 of 2nd period - Shot Misses the Net.
14:04 of 2nd period - Minor Penalty to Brendan Smith for Roughing.
14:05 of 2nd period - Erik Haula wins face-off versus Bryan Little in Jets zone.
14:14 of 2nd period - Slapshot by Mikkel Boedker.
14:14 of 2nd period - Shot Blocked by Tyler Myers.
14:16 of 2nd period - Slapshot by Patric Hornqvist.
14:16 of 2nd period - Stopped by Jonathan Bernier with a rebound.
14:35 of 2nd period - Icing by Jack Johnson.
14:36 of 2nd period - Paul Stastny wins face-off versus Joe Colborne in Avalanche zone.
14:49 of 2nd period - Slapshot by Mikkel Boedker.
14:49 of 2nd period - Goal by Mikkel Boedker - Avalanche : 3 - Jets : 1.
14:50 of 2nd period - Derek Stepan wins face-off versus Bryan Little in neutral zone.
15:24 of 2nd period - Slapshot by Andrei Kostitsyn.
15:24 of 2nd period - Shot Misses the Net.
16:08 of 2nd period - Snap shot by Chuck Kobasew.
16:08 of 2nd period - Stopped by Jonathan Bernier without a rebound.
16:09 of 2nd period - Derek Stepan wins face-off versus Chuck Kobasew in Jets zone.
16:18 of 2nd period - Snap shot by Benoit Pouliot.
16:18 of 2nd period - Stopped by Semyon Varlamov without a rebound.
16:19 of 2nd period - Bryan Little wins face-off versus Derek Stepan in Avalanche zone.
16:42 of 2nd period - Wrist shot by Derek Stepan.
16:42 of 2nd period - Shot Misses the Net.
16:44 of 2nd period - Snap shot by Benoit Pouliot.
16:44 of 2nd period - Stopped by Semyon Varlamov without a rebound.
16:45 of 2nd period - Paul Stastny wins face-off versus Marcus Johansson in Avalanche zone.
16:47 of 2nd period - Penalty Shot by Jack Johnson for Avalanche.
16:47 of 2nd period - Snap shot by Jack Johnson.
16:47 of 2nd period - Stopped by Jonathan Bernier.
16:48 of 2nd period - Derek Stepan wins face-off versus Paul Stastny in Avalanche zone.
16:56 of 2nd period - Wrist shot by Benoit Pouliot.
16:56 of 2nd period - Deflect By Devin Setoguchi.
16:56 of 2nd period - Shot Misses the Net.
16:56 of 2nd period - Puck is out of play.
16:57 of 2nd period - Benoit Pouliot wins face-off versus Paul Stastny in Avalanche zone.
16:58 of 2nd period - Wrist shot by Derek Stepan.
16:58 of 2nd period - Shot Misses the Net.
17:04 of 2nd period - Marco Scandella is hit by Paul Stastny and loses puck.
17:15 of 2nd period - Wrist shot by Paul Stastny.
17:15 of 2nd period - Deflect By Alexander Radulov.
17:15 of 2nd period - Stopped by Jonathan Bernier without a rebound.
17:16 of 2nd period - Pierre-Marc Bouchard wins face-off versus Bryan Little in Jets zone.
17:43 of 2nd period - Mikkel Boedker is hit by Joe Colborne and loses puck.
17:52 of 2nd period - Erik Haula is hit by Patric Hornqvist and loses puck.
18:03 of 2nd period - Wrist shot by Bryan Little.
18:03 of 2nd period - Stopped by Jonathan Bernier without a rebound.
18:04 of 2nd period - Derek Stepan wins face-off versus Paul Stastny in Jets zone.
18:47 of 2nd period - Minor Penalty to Marcus Johansson for Hooking.
18:48 of 2nd period - Erik Haula wins face-off versus Patric Hornqvist in Jets zone.
19:15 of 2nd period - Wrist shot by Paul Stastny.
19:15 of 2nd period - Shot Blocked by Erik Haula.
19:17 of 2nd period - Slapshot by Pernell Karl Subban.
19:17 of 2nd period - Shot Misses the Net.
19:19 of 2nd period - Slapshot by Pernell Karl Subban.
19:19 of 2nd period - Deflect By Andrei Kostitsyn.
19:19 of 2nd period - Shot Blocked by Erik Haula.
19:19 of 2nd period - Puck is out of play.
19:20 of 2nd period - Erik Haula wins face-off versus Paul Stastny in Jets zone.
19:33 of 2nd period - Pernell Karl Subban is hit by Tyler Myers and loses puck.
19:46 of 2nd period - Slapshot by Alexander Radulov.
19:46 of 2nd period - Stopped by Jonathan Bernier without a rebound.
19:47 of 2nd period - Bryan Little wins face-off versus Joe Colborne in Jets zone.
19:54 of 2nd period - Slapshot by Mikkel Boedker.
19:54 of 2nd period - Stopped by Jonathan Bernier with a rebound.
Goals for this period are 1 for Avalanche vs 0 for Jets.
Shots for this period are 9 for Avalanche vs 5 for Jets.
3rd period
0:01 of 3rd period - Erik Haula wins face-off versus Bryan Little in neutral zone.
0:04 of 3rd period - Mikkel Boedker is hit by Brendan Smith and loses puck.
0:13 of 3rd period - Slapshot by Nino Niederreiter.
0:13 of 3rd period - Stopped by Semyon Varlamov without a rebound.
0:14 of 3rd period - Nino Niederreiter wins face-off versus Bryan Little in Avalanche zone.
0:47 of 3rd period - Penalty to Marcus Johansson is over, Marcus Johansson is back on ice.
1:18 of 3rd period - Snap shot by Erik Haula.
1:18 of 3rd period - Stopped by Semyon Varlamov with a rebound.
1:28 of 3rd period - Snap shot by Kyle Turris.
1:28 of 3rd period - Shot Misses the Net.
1:30 of 3rd period - Slapshot by Zach Boychuk.
1:30 of 3rd period - Shot Misses the Net.
1:40 of 3rd period - Snap shot by Paul Stastny.
1:40 of 3rd period - Shot Misses the Net.
2:03 of 3rd period - Snap shot by Marcus Johansson.
2:03 of 3rd period - Shot Misses the Net.
2:05 of 3rd period - Backhand shot by Marco Scandella.
2:05 of 3rd period - Stopped by Semyon Varlamov without a rebound.
2:06 of 3rd period - Bryan Little wins face-off versus Devin Setoguchi in Avalanche zone.
2:06 of 3rd period - Bryan Little is hit by Derek Stepan.
2:11 of 3rd period - Icing by Marc Staal.
2:12 of 3rd period - Bryan Little wins face-off versus Benoit Pouliot in Avalanche zone.
2:21 of 3rd period - Snap shot by Mikkel Boedker.
2:21 of 3rd period - Shot Misses the Net.
2:23 of 3rd period - Snap shot by Bryan Little.
2:23 of 3rd period - Shot Misses the Net.
3:23 of 3rd period - Backhand shot by Zach Boychuk.
3:23 of 3rd period - Stopped by Jonathan Bernier without a rebound.
3:24 of 3rd period - Corey Perry wins face-off versus Bryan Little in Jets zone.
3:33 of 3rd period - Wrist shot by Bryan Little.
3:33 of 3rd period - Stopped by Jonathan Bernier without a rebound.
3:34 of 3rd period - Bryan Little wins face-off versus Pierre-Marc Bouchard in Jets zone.
3:35 of 3rd period - Wrist shot by Mikkel Boedker.
3:35 of 3rd period - Stopped by Jonathan Bernier without a rebound.
3:36 of 3rd period - Bryan Little wins face-off versus Corey Perry in Jets zone.
3:45 of 3rd period - Slapshot by Marco Scandella.
3:45 of 3rd period - Shot Blocked by Jack Johnson.
3:51 of 3rd period - Slapshot by Pernell Karl Subban.
3:51 of 3rd period - Shot Misses the Net.
3:53 of 3rd period - Slapshot by Pernell Karl Subban.
3:53 of 3rd period - Stopped by Jonathan Bernier with a rebound.
4:24 of 3rd period - Slapshot by Corey Perry.
4:24 of 3rd period - Stopped by Semyon Varlamov without a rebound.
4:25 of 3rd period - Derek Stepan wins face-off versus Paul Stastny in Avalanche zone.
5:15 of 3rd period - Erik Haula is hit by Bryan Little and loses puck.
5:22 of 3rd period - Bryan Little is hit by Brendan Smith.
5:57 of 3rd period - Slapshot by Zach Boychuk.
5:57 of 3rd period - Shot Misses the Net.
5:59 of 3rd period - Wrist shot by Kyle Turris.
5:59 of 3rd period - Shot Blocked by Tyler Myers.
6:01 of 3rd period - Slapshot by Zach Boychuk.
6:01 of 3rd period - Stopped by Jonathan Bernier with a rebound.
6:03 of 3rd period - Slapshot by Jack Johnson.
6:03 of 3rd period - Stopped by Jonathan Bernier without a rebound.
6:04 of 3rd period - Joe Colborne wins face-off versus Bryan Little in Jets zone.
6:08 of 3rd period - Off-side.
6:09 of 3rd period - Bryan Little wins face-off versus Joe Colborne in neutral zone.
6:38 of 3rd period - Wrist shot by Marcus Johansson.
6:38 of 3rd period - Stopped by Semyon Varlamov without a rebound.
6:39 of 3rd period - Pierre-Marc Bouchard wins face-off versus Paul Stastny in Avalanche zone.
6:40 of 3rd period - Backhand shot by Marcus Johansson.
6:40 of 3rd period - Stopped by Semyon Varlamov without a rebound.
6:41 of 3rd period - Paul Stastny wins face-off versus Corey Perry in Avalanche zone.
6:49 of 3rd period - Minor Penalty to Andrei Kostitsyn for Interference.
6:50 of 3rd period - Andrew Ladd wins face-off versus Derek Stepan in Avalanche zone.
6:50 of 3rd period - Andrew Ladd is hit by Corey Perry.
7:04 of 3rd period - Wrist shot by Benoit Pouliot.
7:04 of 3rd period - Deflect By Marc Staal.
7:04 of 3rd period - Shot Misses the Net.
7:04 of 3rd period - Puck is out of play.
7:05 of 3rd period - Andrew Ladd wins face-off versus Derek Stepan in Avalanche zone.
8:49 of 3rd period - Penalty to Andrei Kostitsyn is over, Andrei Kostitsyn is back on ice.
9:01 of 3rd period - Slapshot by Nino Niederreiter.
9:01 of 3rd period - Goal by Nino Niederreiter - Avalanche : 3 - Jets : 2.
9:02 of 3rd period - Derek Stepan wins face-off versus Bryan Little in neutral zone.
9:29 of 3rd period - Marcus Johansson is hit by Paul Stastny.
9:41 of 3rd period - Snap shot by Andrei Kostitsyn.
9:41 of 3rd period - Stopped by Jonathan Bernier without a rebound.
9:41 of 3rd period - Minor Penalty to Paul Stastny for Hooking.
9:42 of 3rd period - Derek Stepan wins face-off versus Andrew Ladd in Avalanche zone.
10:13 of 3rd period - Snap shot by Eric Gelinas.
10:13 of 3rd period - Deflect By Pierre-Marc Bouchard.
10:13 of 3rd period - Shot Blocked by Marc Staal.
10:13 of 3rd period - Puck is out of play.
10:14 of 3rd period - Damien Brunner wins face-off versus Derek Stepan in Avalanche zone.
11:41 of 3rd period - Penalty to Paul Stastny is over, Paul Stastny is back on ice.
12:16 of 3rd period - Alexander Radulov is hit by Tyler Myers and loses puck.
12:59 of 3rd period - Wrist shot by Bryan Little.
12:59 of 3rd period - Shot Misses the Net.
13:01 of 3rd period - Snap shot by Mikkel Boedker.
13:01 of 3rd period - Shot Blocked by Jacob Trouba.
13:20 of 3rd period - Slapshot by Johnny Boychuk.
13:20 of 3rd period - Deflect By Tyler Myers.
13:20 of 3rd period - Stopped by Jonathan Bernier with a rebound.
13:22 of 3rd period - Snap shot by Alexander Radulov.
13:22 of 3rd period - Shot Misses the Net.
13:24 of 3rd period - Snap shot by Alexander Radulov.
13:24 of 3rd period - Shot Misses the Net.
13:30 of 3rd period - Minor Penalty to Kevin Hayes for Hooking.
13:31 of 3rd period - Erik Haula wins face-off versus Bryan Little in Jets zone.
13:42 of 3rd period - Snap shot by Bryan Little.
13:42 of 3rd period - Shot Misses the Net.
15:14 of 3rd period - Brendan Smith is hit by Andrei Kostitsyn and loses puck.
15:30 of 3rd period - Penalty to Kevin Hayes is over, Kevin Hayes is back on ice.
15:39 of 3rd period - Slapshot by Marcus Johansson.
15:39 of 3rd period - Shot Misses the Net.
15:41 of 3rd period - Snap shot by Pierre-Marc Bouchard.
15:41 of 3rd period - Shot Blocked by Dan Boyle.
15:43 of 3rd period - Snap shot by Marco Scandella.
15:43 of 3rd period - Shot Misses the Net.
16:00 of 3rd period - Kevin Hayes is hit by Kyle Turris and loses puck.
16:11 of 3rd period - Chuck Kobasew is hit by Tyler Myers.
17:19 of 3rd period - Wrist shot by Ronalds Kenins.
17:19 of 3rd period - Shot Misses the Net.
17:21 of 3rd period - Wrist shot by Ronalds Kenins.
17:21 of 3rd period - Shot Misses the Net.
17:44 of 3rd period - Brendan Smith is hit by Chuck Kobasew and loses puck.
18:45 of 3rd period - Patric Hornqvist is hit by Joe Colborne and loses puck.
18:48 of 3rd period - Jets, Jonathan Bernier is pulled from the net.
18:58 of 3rd period - Snap shot by Joe Colborne.
18:58 of 3rd period - Deflect By Erik Haula.
18:58 of 3rd period - Shot Misses the Net.
18:58 of 3rd period - Puck is out of play.
18:59 of 3rd period - Marc Crawford call a timeout for Jets.
18:59 of 3rd period - Bryan Little wins face-off versus Derek Stepan in Avalanche zone.
19:30 of 3rd period - Snap shot by Benoit Pouliot.
19:30 of 3rd period - Shot Misses the Net.
19:32 of 3rd period - Snap shot by Marco Scandella.
19:32 of 3rd period - Goal by Marco Scandella - Avalanche : 3 - Jets : 3.
19:32 of 3rd period - Jonathan Bernier from Jets was sent back in the game.
19:33 of 3rd period - Maxim Talbot wins face-off versus Erik Haula in neutral zone.
19:41 of 3rd period - Minor Penalty to Marco Scandella for Hooking.
19:42 of 3rd period - Bryan Little wins face-off versus Erik Haula in Jets zone.
Goals for this period are 0 for Avalanche vs 2 for Jets.
Shots for this period are 8 for Avalanche vs 8 for Jets.
Overtime #1
0:01 of 1st overtime period - Erik Haula wins face-off versus Patric Hornqvist in neutral zone.
0:45 of 1st overtime period - Marc Staal is hit by Anton Volchenkov and loses puck.
0:50 of 1st overtime period - Slapshot by Brendan Smith.
0:50 of 1st overtime period - Deflect By Benoit Pouliot.
0:50 of 1st overtime period - Stopped by Semyon Varlamov with a rebound.
1:04 of 1st overtime period - Brendan Smith is hit by Mikkel Boedker and loses puck.
1:41 of 1st overtime period - Penalty to Marco Scandella is over, Marco Scandella is back on ice.
2:14 of 1st overtime period - Slapshot by Devin Setoguchi.
2:14 of 1st overtime period - Shot Misses the Net.
2:32 of 1st overtime period - Wrist shot by Corey Perry.
2:32 of 1st overtime period - Shot Misses the Net.
2:38 of 1st overtime period - Snap shot by Corey Perry.
2:38 of 1st overtime period - Deflect By Andrei Kostitsyn.
2:38 of 1st overtime period - Shot Misses the Net.
2:38 of 1st overtime period - Puck is out of play.
2:39 of 1st overtime period - Pierre-Marc Bouchard wins face-off versus Patric Hornqvist in Avalanche zone.
3:53 of 1st overtime period - Jacob Trouba is hit by Andrei Kostitsyn and loses puck.
4:32 of 1st overtime period - Wrist shot by Maxim Talbot.
4:32 of 1st overtime period - Shot Misses the Net.
4:34 of 1st overtime period - Snap shot by Andrei Kostitsyn.
4:34 of 1st overtime period - Deflect By Maxim Talbot.
4:34 of 1st overtime period - Stopped by Jonathan Bernier with a rebound.
4:59 of 1st overtime period - Andrei Kostitsyn is hit by Eric Gelinas and loses puck.
Goals for this period are 0 for Avalanche vs 0 for Jets.
Shots for this period are 1 for Avalanche vs 1 for Jets.
ShootOut
5:00 of 1st overtime period - Round #1.
5:00 of 1st overtime period - Avalanche, Mikkel Boedker.
5:00 of 1st overtime period - Snap shot by Mikkel Boedker.
5:00 of 1st overtime period - Goal by Mikkel Boedker.
5:00 of 1st overtime period - Jets, Benoit Pouliot.
5:00 of 1st overtime period - Snap shot by Benoit Pouliot.
5:00 of 1st overtime period - Stopped by Semyon Varlamov.
5:00 of 1st overtime period - Round #2.
5:00 of 1st overtime period - Avalanche, Patric Hornqvist.
5:00 of 1st overtime period - Deke by Patric Hornqvist.
5:00 of 1st overtime period - Shot Misses the Net.
5:00 of 1st overtime period - Jets, Devin Setoguchi.
5:00 of 1st overtime period - Snap shot by Devin Setoguchi.
5:00 of 1st overtime period - Stopped by Semyon Varlamov.
5:00 of 1st overtime period - Round #3.
5:00 of 1st overtime period - Avalanche, Paul Stastny.
5:00 of 1st overtime period - Snap shot by Paul Stastny.
5:00 of 1st overtime period - Goal by Paul Stastny.
Back to the Top